Map: Base du roi Sejong EC

Players

zidar

  • Race: Zerg Zerg
  • League: Gold
  • Spawn Location: 11:00

Vaklar - Winner!

  • Race: Zerg Zerg
  • League: Gold
  • Spawn Location: 5:00

VOD

Have the link to the VOD?

Description

Time

  • Played on: June 13, 2016, 3 p.m.
  • Length: 7:02
Show
View Real Time Build Order
Export as new Build Order

zidar Zerg 

Build Orders: Pool First 

Get SALT Encoding   

  12  0:01  Drone  
  13  0:12  Overlord  
  13  0:17  Drone  
  14  0:31  Drone x2  
  16  0:44  Spawning Pool  
  16  0:45  Drone  
  16  1:11  Hatchery  
  15  1:12  Drone  
  15  1:16  Extractor  
  15  1:18  Drone  
  16  1:25  Drone  
  16  1:26  Drone  
  18  1:37  Queen  
  20  1:41  Zergling x2  
  21  1:50  Zergling x2  
  22  2:18  Metabolic Boost  
  22  2:27  Zergling x8  
  22  2:29  Queen  
  28  2:37  Overlord  
  28  2:57  Extractor  
  27  3:00  Zergling x2  
  27  3:01  Zergling x10  
  32  3:17  Zergling x6  
  32  3:48  Zergling x10  
  26  4:19  Zergling x20  
  36  4:35  Spine Crawler  
  30  4:39  Spine Crawler, Zergling x2  
  30  4:40  Zergling x2  
  31  4:46  Zergling x2  
  31  4:47  Zergling x2  
  15  5:26  Zergling x20  
  15  5:27  Zergling x2  
Show
View Real Time Build Order
Export as new Build Order

Vaklar Zerg - Winner!

Build Orders: Pool First, Zergling Baneling 

Get SALT Encoding   

  12  0:01  Drone  
  13  0:12  Overlord  
  13  0:17  Drone  
  14  0:30  Drone  
  14  0:31  Drone  
  14  0:35  Drone  
  17  0:47  Spawning Pool  
  17  0:49  Drone  
  17  0:56  Extractor  
  17  0:57  Drone  
  17  1:10  Drone  
  18  1:18  Drone  
  19  1:27  Overlord  
  19  1:33  Queen  
  21  1:40  Drone  
  22  1:56  Metabolic Boost  
  22  2:03  Drone  
  22  2:04  Hatchery, Zergling x2  
  23  2:21  Drone  
  23  2:22  Baneling Nest, Drone  
  23  2:25  Extractor  
  22  2:33  Zergling x2  
  23  2:43  Zergling x2  
  24  2:53  Overlord  
  24  3:02  Zergling x6  
  27  3:13  Baneling x2  
  27  3:16  Zergling x4  
  27  3:18  Queen  
  31  3:27  Zergling x2  
  30  3:45  Zergling x8  
  30  3:46  Zergling x2  
  30  3:48  Baneling x2  
  34  3:51  Lair  
  34  3:52  Zergling x4  
  36  3:56  Baneling x2  
  36  3:58  Baneling  
  34  4:19  Zergling x2  
  34  4:22  Overlord  
  35  4:28  Overlord  
  35  4:35  Baneling x4  
  35  4:36  Zergling x2  
  36  4:40  Zergling x8  
  36  4:41  Zergling x8  
  36  5:20  Zergling x6  
  36  5:21  Zergling x10  
  39  5:34  Centrifical Hooks  
  38  5:36  Drone x2  
  38  5:41  Drone  
  37  5:54  Baneling  
  37  5:55  Baneling  
  34  5:59  Drone  
  34  6:00  Drone x2  
  37  6:05  Drone x3  
  37  6:06  Drone x4  
  44  6:15  Baneling  
  44  6:16  Baneling x4  
  44  6:20  Drone x2  
  44  6:24  Extractor  
Tags
 
Add a new tag
Caveats
  • Supply blocks, unpowered buildings, or Contaminate may cause inaccurate times.
  • Supply counts are checked every 10 seconds.